 Dungeon Crawl Stone Soup version 0.28-a0-1387-g3a22ab9bdc (webtiles) character file.

Game seed: 15151211418235176727

28 ReploidZero the Magician (level 3, -4/25 HPs)
             Began as a Djinni Conjurer on Jan 3, 2022.
             Slain by a gnoll (8 damage)
             ... on level 2 of the Dungeon.
             The game lasted 00:04:09 (2249 turns).

ReploidZero the Magician (Djinni Conjurer)          Turns: 2249, Time: 00:04:10

Health: -4/25      AC:  2    Str:  6    XL:     3   Next: 30%
Gold:   71         EV: 12    Int: 21    God:
                   SH:  0    Dex: 11

rFire   + + .      SeeInvis .   e - +0 whip
rCold   x . .      Faith    .   (no shield)
rNeg    . . .      Spirit   .   a - +0 robe
rPois   ∞          Reflect  .   (no helmet)
rElec   .          Harm     .   (no cloak)
rCorr   .          Rampage  .   (no gloves)
Will    .....                   (boots unavailable)
Stlth   ++........              (no amulet)
HPRegen 0.08/turn               (no ring)
MPRegen 0.00/turn               (no ring)

@: flying, very slightly contaminated
A: sickness immunity, fire resistance 2, cold vulnerability 1, float, innate
caster, hp casting, extra vitality 1
a: no special abilities


You were on level 2 of the Dungeon.
You visited 1 branch of the dungeon, and saw 2 of its levels.

You collected 71 gold pieces.

Inventory:

Hand Weapons
 e - a +0 whip (weapon)
Armour
 a - a +0 robe (worn)
Scrolls
 d - a scroll of amnesia {unknown}
 f - a scroll of teleportation {unknown}
Potions
 c - a potion of lignification {unknown}


   Skills:
 - Level 2.1 Dodging
 - Level 1.5 Stealth
 + Level 4.0 Spellcasting


You couldn't memorise any spells.
You knew the following spells:

 Your Spells              Type           Power      Damage    Failure   Level
a - Magic Dart            Conj           84%        1d7       2%          1
b - Searing Ray           Conj           42%        2d6       3%          2
c - Dazzling Flash        Conj/Hex       42%        N/A       7%          3
d - Fulminant Prism       Conj/Hex       10%        3d9       22%         4
e - Iskenderun's Mystic   Conj/Tloc      21%        2d6       22%         4
f - Sting                 Tmut/Pois      84%        1d7       2%          1
Your spell library was empty.

Dungeon Overview and Level Annotations

Branches:
Dungeon (2/15)

Altars:
Qazlal


Innate Abilities, Weirdness & Mutations

You are immune to sickness and miasma.
You are immune to poison.
Your flesh is very heat resistant. (rF++)
You are vulnerable to cold. (rC-)
You float through the air rather than walking.
You learn spells naturally, not from books.
Your magical power is your life essence.
You have superior vitality. (+4 MHP)


Message History

2 gnolls come into view.
There are monsters nearby!
A gnoll and a gnoll shaman come into view.
The gnoll shouts! x3; The gnoll shaman shouts!
You closely miss the gnoll. The gnoll hits you with a +0 flail!
The gnoll barely misses you.
You closely miss the gnoll. The gnoll barely misses you.
The gnoll closely misses you. The gnoll hits you with a +0 spear.
The gnoll closely misses you.
You barely miss the gnoll. The gnoll hits you with a +0 spear.
The gnoll hits you with a +0 flail!
* * * LOW HITPOINT WARNING * * *
You are too injured to fight recklessly!
Okay, then.
Blink to where?
Press: ? - help, Dir - move target
As you read the scroll labelled XYOD BEUDAXT, it crumbles to dust.
It was a scroll of blinking.
There is an open door here.
Unknown command.
Casting: Magic Dart (safe; 2% risk of failure)
Confirm with . or Enter, or press ? or * to list all spells.
Aiming: Searing Ray (safe; 3% risk of failure)
Press: ? - help, Shift-Dir - straight line, f - gnoll
Aim: a gnoll, wielding a +0 whip (81% to hit)
You miscast Searing Ray.
You are very lightly contaminated with residual magic.
Nothing appears to happen.
* * * LOW HITPOINT WARNING * * *
Casting: Searing Ray (safe; 3% risk of failure)
Confirm with . or Enter, or press ? or * to list all spells.
Aiming: Searing Ray (safe; 3% risk of failure)
Press: ? - help, Shift-Dir - straight line, f/p - gnoll
Aim: a gnoll, wielding a +0 whip (81% to hit)
The searing ray hits the gnoll!
The gnoll is severely wounded. (Press . to maintain the ray.)
* * * LOW HITPOINT WARNING * * *
The gnoll hits you with a +0 whip!
You die...

#####################
......>....g...g@...#
######.############.#
#.# #.# ######.# #.#
#....#.# #.# g....'.#
#.# #....#.# #.#
#....#.# #.# ######.#
#.#


You could see 2 gnolls.

Vanquished Creatures
  A dart slug (D:1)
  2 ball pythons (D:1)
  6 bats
  3 endoplasms (D:1)
  2 goblins
  A hobgoblin (D:1)
  2 jackals (D:1)
  2 kobolds (D:1)
  2 frilled lizards
  2 rats (D:1)
23 creatures vanquished.

Notes
Turn   | Place    | Note
-------+----------+-------------------------------------------
     0 | D:1      | ReploidZero the Djinni Conjurer began the quest for the
                  | Orb.
     0 | D:1      | Reached XP level 1. HP: 15/15 MP: 0/0
   162 | D:1      | Reached XP level 2. HP: 19/21 MP: 0/0
  1343 | D:1      | Reached XP level 3. HP: 25/25 MP: 0/0
  1343 | D:1      | Learned a level 1 spell: Sting
  1357 | D:1      | Found a faded altar of an unknown god.
  1926 | D:2      | Reached skill level 4 in Spellcasting
  2210 | D:2      | Found a stormy altar of Qazlal.
  2249 | D:2      | Slain by a gnoll

Illustrated notes

Levels and vault maps discovered:
D:1:      saegor_arrival_fortress, layout_basic, shapermc_ecumenical_altar_gd
D:2:      layout_basic, basic_altar

Skill      XL: |  1  2  3 |
---------------+----------+-----
Spellcasting   | 4 |  4.0
Dodging        | |  2.1
Stealth        | |  1.5

Action                   || total
-------------------------++-------
Melee: Unarmed           ||     1
       Whip              ||    45
 Cast: Magic Dart        ||    16
       Searing Ray       ||     4
  Use: Scroll            ||     1
 Stab: Sleeping          ||     4
Armor: Robe              ||    18
Dodge: Dodged            ||    54

Table legend: (Time is in decaauts)
 A = Elapsed time spent in this place.
 B = Non-inter-level travel time spent in this place.
 C = Inter-level travel time spent in this place.
 D = Time resting spent in this place.
 E = Time spent auto-exploring this place.
 F = Levels seen in this place.
 G = Mean time per level.
                   A        B        C        D        E       F      G
               +--------+--------+--------+--------+--------+-----+--------+
         Total |   2252 |   2167 |     85 |      0 |   1957 |   2 | 1126.0 |
       Dungeon |   2252 |   2167 |     85 |      0 |   1957 |   2 | 1126.0 |
               +--------+--------+--------+--------+--------+-----+--------+

Top non-repeatable levels by time:
     D:1: 1716 daAuts
     D:2: 536 daAuts
